[Event "*** Titled Tuesday Blitz"]
[Site "Chess.com"]
[Date "2020.04.21"]
[Round "2"]
[White "LuisFSiles"]
[Black "nabukatnezarr"]
[Result "0-1"]
[WhiteElo "2265"]
[BlackElo "2481"]
[TimeControl "180+1"]
[EndTime "10:18:14 PDT"]
[Termination "nabukatnezarr won by resignation"]

1. e4 e6 2. d4 d5 3. Nd2 Nc6 4. Ngf3 Nf6 5. e5 Nd7 6. Be2 f6 7. exf6 Qxf6 8. Nf1 Bd6 9. Ne3 O-O 10. O-O Qg6 11.
c4 Nf6 12. b3 Bd7 13. Bb2 Rae8 14. Ne5 Qh6 15. f4 Bc8 16. N3g4 Nxg4 17. Nxg4 Qg6 18. Bd3 Qf7 19. Ne5 Qf6 20. Qh5 Qh6 21. Qxh6 gxh6 22. g3 Be7 23. Be2 Bf6 24. Bf3 Ne7 25. Rae1 c6 26.
Ba3 Kh8 27. Bg4 Rg8 28. Bh3 Nf5 29. Bxf5 exf5 30. cxd5 cxd5 31. Nf3 Re4 32. Bd6 Rge8 33. Be5 Kg7 34. Kf2 Bd7 35. Rxe4 dxe4 36. Ne1 Bb5 37. Rg1 Rc8 38. Ke3 Kf7 39. Bxf6 Kxf6 40. Rg2 h5 41. Rd2 Rc1 42. Kf2 Ra1 43. Ng2 Rh1 44. d5 Rxh2 45. d6 Bd7 46. Ke2 Rxg2+ 47. Ke3 Rxd2 48. Kxd2 Ke6 0-1

[Event "*** Titled Tuesday Blitz"]
[Site "Chess.com"]
[Date "2020.04.21"]
[Round "2"]
[White "crossingthestreet"]
[Black "IMRosen"]
[Result "0-1"]
[WhiteElo "2251"]
[BlackElo "2470"]
[TimeControl "180+1"]
[EndTime "10:18:14 PDT"]
[Termination "IMRosen won on time"]

1. c4 e6 2. Nc3 d5 3. e3 Nf6 4. Nf3 Be7 5. b3 c6 6. Bb2 a6 7. d4 b5 8. Bd3 O-O 9. O-O Bb7 10. Rc1 Nbd7 11. Qe2 Re8 12. Rfd1 Bd6 13. e4 b4 14. Na4 dxe4 15. Bxe4 Nxe4 16. Qxe4 Qc7 17. h3 c5 18. Qe2 Bf4 19. Rc2 Rad8 20. dxc5 Nxc5 21.
Nxc5 Qxc5 22. Bd4 Qc6 23. Be3 Bc7 24. Rcd2 Rxd2 25. Qxd2 h6 26. Qd7 Rd8 27. Qxd8+ Bxd8 28. Rxd8+ Kh7 29. Ne1 Qc7 30. Rd1 Be4 31. f3 Bg6 32.
Nd3 a5 33. Nf4 Qe5 34. Re1 Qb2 35. Nxg6 Kxg6 36. Bf2 Qxa2 37. Re3 Qb1+ 38. Kh2 Qc2 39. Bg3 a4 40. bxa4 b3 41. Be5 b2 42. Bxb2 Qxb2 43. c5 Qc2 44. Re5 Qc3 45. f4 Qb4 46. c6 Qc4 47. Kg3 Qc3+ 48. Kh2 Qxc6 49. a5 Qa4 50.
g3 Qb4 51. a6 Qa3 52. f5+ exf5 53. g4 Qb2+ 0-1

[Event "*** Titled Tuesday Blitz"]
[Site "Chess.com"]
[Date "2020.04.21"]
[Round "2"]
[White "letsgoband"]
[Black "kingofkolkata"]
[Result "1-0"]
[WhiteElo "2456"]
[BlackElo "2226"]
[TimeControl "180+1"]
[EndTime "10:18:14 PDT"]
[Termination "letsgoband won on time"]

1. e4 e5 2. Nf3 Nc6 3. Bb5 a6 4. Ba4 Nf6 5. O-O Be7 6. Re1 b5 7. Bb3 d6 8. c3 O-O 9. h3 Bb7 10. d4 Re8 11. Nbd2 Bf8 12. Bc2 g6 13. Nf1 Bg7 14. Ng3 h6 15. a4 exd4 16. cxd4 Nb4 17. Bb1 c5 18. Bd2 Nc6 19. d5 Ne5 20. Nxe5 Rxe5 21. Qb3 Qd7 22. axb5 axb5 23. Rxa8+ Bxa8 24. Bc3 Re8 25. Bc2 Bb7 26. Ra1 Ra8 27. Rxa8+ Bxa8 28. Qa2 Bb7 29. Qa7 Kh7 30. b4 c4 31. Qe3 Qe8 32.
Qd4 Nh5 33. Qe3 Nf6 34. Bd4 Nd7 35. Bxg7 Kxg7 36. f4 Qa8 37. Qd4+ f6 38. h4 h5 39. f5 Qa2 40. Qf2 Qa1+ 41. Nf1 Qe5 42. fxg6 Nf8 43.
Ng3 Nxg6 44. Nf5+ Kf7 45. Qf3 Qf4 46. Qxh5 Qc1+ 47. Kh2 Qf4+ 48. Kh3 1-0

[Event "*** Titled Tuesday Blitz"]
[Site "Chess.com"]
[Date "2020.04.21"]
[Round "2"]
[White "CalinGheorghiu"]
[Black "GukeshDommaraju"]
[Result "0-1"]
[WhiteElo "2474"]
[BlackElo "2684"]
[TimeControl "180+1"]
[EndTime "10:18:15 PDT"]
[Termination "GukeshDommaraju won by resignation"]

1. e4 c5 2. Nf3 Nc6 3. Bb5 g6 4. O-O Bg7 5. Re1 e5 6. Bxc6 dxc6 7. a3 a5 8. a4 Qe7 9. d3 Nf6 10. Na3 Nd7 11. Nc4 O-O 12. c3 b6 13. Be3 Ba6 14. Qb3 Kh8 15. Rad1 Rab8 16. d4 exd4 17. cxd4 Qxe4 18.
Ng5 Qd5 19. dxc5 Nxc5 20. Bxc5 Bxc4 21. Rxd5 Bxb3 22. Bxf8 Bxd5 23. Bxg7+ Kxg7 24. f3 b5 25. axb5 Rxb5 26. Re2 h6 27. Ne4 Bxe4 28. fxe4 Kf6 29. Kf2 Ke5 30. Ke3 Rb3+ 31. Kf2 c5 32. h3 c4 33. Rc2 Rb4 34. Re2 Kd4 35. e5 Rb5 36. e6 Rf5+ 37. Kg3 fxe6 38. Rxe6 Kd3 39. Rxg6 Rg5+ 40. Rxg5 hxg5 41. Kg4 Kc2 42. Kxg5 Kxb2 43. h4 c3 44. h5 c2 45. h6 c1=Q+ 46. Kg6 Qc3 47. Kf7 Qh8 0-1

[Event "*** Titled Tuesday Blitz"]
[Site "Chess.com"]
[Date "2020.04.21"]
[Round "2"]
[White "FrogMist"]
[Black "Disturbed01"]
[Result "1/2-1/2"]
[WhiteElo "2432"]
[BlackElo "2657"]
[TimeControl "180+1"]
[EndTime "10:18:15 PDT"]
[Termination "Game drawn - insufficient material"]

1. e4 c5 2. Nf3 Nc6 3. d4 cxd4 4. Nxd4 g6 5. c4 Bg7 6. Be3 Nf6 7. Nc3 O-O 8. f3 d6 9. Qd2 Bd7 10. Rc1 a5 11. Be2 Nxd4 12. Bxd4 Bc6 13. O-O a4 14. Rfd1 Nd7 15. Be3 Qa5 16. Nd5 Bxd5 17.
cxd5 Qxd2 18. Rxd2 Rfc8 19. Rdc2 Nc5 20. g3 b6 21. Bb5 Rcb8 22. Kf1 Ra5 23. Be2 Ra7 24.
Bb5 e6 25. Bc6 Nd3 26. Rb1 Nb4 27. Rc4 Nd3 28. Rxa4 Rxa4 29. Bxa4 Nxb2 30. Bc6 b5 31. Ke2 b4 32. Bd2 Bc3 33. a3 exd5 34. Bxd5 Bxd2 35. Rxb2 Bc3 36. Rb3 Rb6 37. axb4 Bxb4 38. Kd3 Bc5 39. Rxb6 Bxb6 40. h3 Kf8 41. f4 Ke7 42. Ke2 Bc5 43.
Kf3 Bb6 44. g4 Bc5 45. g5 f6 46. Kg4 fxg5 47. Kxg5 Kf8 48. h4 Be3 49. Kg4 Kg7 50. Kf3 Bc1 51. Kg4 Kf6 52. Kf3 h6 53. Bc4 h5 54. Bd3 Bd2 55. e5+ dxe5 56. fxe5+ Kxe5 57. Bxg6 Kf6 58. Bxh5 Be1 59. Kg4 Bxh4 1/2-1/2

[Event "*** Titled Tuesday Blitz"]
[Site "Chess.com"]
[Date "2020.04.21"]
[Round "2"]
[White "profofchess"]
[Black "cukin84"]
[Result "0-1"]
[WhiteElo "2386"]
[BlackElo "2132"]
[TimeControl "180+1"]
[EndTime "10:18:15 PDT"]
[Termination "cukin84 won by resignation"]

1. e4 c6 2. Nc3 d5 3. Nf3 Bg4 4. d4 e6 5. h3 Bxf3 6. Qxf3 Nf6 7. Bd3 dxe4 8. Nxe4 Nbd7 9. c3 Nxe4 10. Bxe4 Nf6 11.
Bc2 Qd5 12. Qg3 Be7 13. O-O O-O-O 14. Qg5 Qxg5 15. Bxg5 h6 16. Bf4 g5 17. Be5 Rhg8 18. a4 Nd7 19. Bg3 g4 20. h4 f6 21. a5 a6 22. Bb3 Nf8 23. Rfe1 Kd7 24. Re2 Bd6 25.
Bxd6 Kxd6 26. Rae1 Re8 27. Kh2 Rg7 28. c4 Rge7 29. Kg3 e5 30. c5+ Kc7 31. d5 cxd5 32.
Bxd5 f5 33. Rc2 Ng6 34. h5 f4+ 35. Kh2 Nh4 36. c6 b6 37. axb6+ Kxb6 38. Re4 Nf5 39.
Rb4+ Ka7 40. Rb7+ Rxb7 41. cxb7 Rb8 42. Be4 Nd4 43. Rc7 Rg8 44. Rh7 g3+ 45. fxg3 fxg3+ 46. Kg1 Rd8 47. Rxh6 Ne2+ 48. Kf1 Nf4 49. Ke1 Rd4 50.
Bc6 Rb4 51. Rh7 Rxb2 52. b8=Q+ Kxb8 53. h6 Nd3+ 54. Kd1 Nf2+ 55. Kc1 Rb4 56. Kd2 e4 57. Rb7+ Rxb7 58. Bxb7 Kxb7 59. h7 Ng4 60. Ke2 Nf6 61. h8=Q Nd5 62. Qg7+ Kc6 63. Qxg3 Kc5 64. Qe5 Kc4 65.
Qxe4+ Kc5 66. Qe5 Kc4 67. g4 Nc3+ 68. Kf3 Nb5 69. Qe6+ Kc5 70. g5 Nd4+ 71. Ke4 Nxe6 72. Kf5 Nxg5 73. Kxg5 Kb4 0-1

[Event "*** Titled Tuesday Blitz"]
[Site "Chess.com"]
[Date "2020.04.21"]
[Round "2"]
[White "Firegrizzly"]
[Black "SARGISMV"]
[Result "1-0"]
[WhiteElo "2677"]
[BlackElo "2440"]
[TimeControl "180+1"]
[EndTime "10:18:16 PDT"]
[Termination "Firegrizzly won by resignation"]

1. d4 Nf6 2. Nf3 c5 3. d5 e6 4. Nc3 exd5 5. Nxd5 Nxd5 6. Qxd5 Be7 7. e4 Nc6 8. c3 O-O 9. Bf4 d6 10. h3 Be6 11. Qd2 d5 12. exd5 Qxd5 13. Be2 Rad8 14. Qxd5 Bxd5 15. O-O Rfe8 16. Rfe1 h6 17. Nd2 Bg5 18.
Bxg5 hxg5 19. Nf1 Ne5 20. Bb5 Bc6 21. Bxc6 Nxc6 22. Rxe8+ Rxe8 23. Ne3 Rd8 24. a4 g6 25. Nc4 f6 26. Kf1 Kf7 27. Ke2 Ke6 28. Re1 b6 29. Kf3+ Kf7 30. Rb1 Ke6 31. Ke4 f5+ 32. Kf3 Ne5+ 33. Nxe5 Kxe5 34. Re1+ Kf6 35. b4 Rd3+ 36. Re3 Rxe3+ 37. Kxe3 cxb4 38. cxb4 Ke5 39. g3 f4+ 40. Kf3 a6 41. gxf4+ gxf4 42. Kg4 Ke4 43. h4 b5 44. a5 f3 45. Kg3 Kd3 46. Kxf3 Kc4 47.
Ke3 Kxb4 48. f4 Kxa5 49. f5 gxf5 50. h5 b4 51. h6 b3 52. Kd2 f4 53. h7 f3 54.
h8=Q f2 55. Qe5+ Ka4 56. Qa1+ Kb4 57. Kd3 a5 58. Qf1 b2 59. Kc2 Ka3 60. Qb1 f1=Q 61.
Qxf1 a4 62. Qb1 Kb4 63. Qxb2+ Ka5 64. Qa3 Kb5 65. Kc3 Ka5 66. Qb4+ Ka6 67. Qxa4+ 1-0

[Event "*** Titled Tuesday Blitz"]
[Site "Chess.com"]
[Date "2020.04.21"]
[Round "2"]
[White "Xeniya2005"]
[Black "Stewie_89"]
[Result "0-1"]
[WhiteElo "2254"]
[BlackElo "2634"]
[TimeControl "180+1"]
[EndTime "10:18:16 PDT"]
[Termination "Stewie_89 won by checkmate"]

1. e4 Nf6 2. e5 Nd5 3. d4 d6 4. c4 Nb6 5. exd6 cxd6 6. Nf3 g6 7. Nc3 Bg7 8. Be3 Nc6 9. Be2 O-O 10. O-O Bg4 11.
b3 e5 12. dxe5 dxe5 13. Rc1 Qe7 14. Bxb6 axb6 15. Nd5 Qc5 16. Qd2 Bxf3 17. Bxf3 Nd4 18. Be2 Rfd8 19. Rfd1 b5 20. Kh1 Rac8 21. Bf1 bxc4 22.
Bxc4 Qd6 23. a4 h6 24. Qe1 Kh7 25. Ne3 Qb6 26. Bxf7 Rxc1 27. Rxc1 Rf8 28. Bd5 h5 29. a5 Qf6 30. f3 Bh6 31. Rc7+ Kh8 32. Nc4 Qd8 33. Rc5 Bg7 34. Nb6 Nxb3 35. Bxb3 e4 36. fxe4 Qd4 37. Rd5 Qxe4 38. Rd1 Qf5 39. h3 Kh7 40. Be6 Qf4 41. Bd5 Be5 42. Qe4 Qh2# 0-1

[Event "*** Titled Tuesday Blitz"]
[Site "Chess.com"]
[Date "2020.04.21"]
[Round "2"]
[White "Zubrrr"]
[Black "volcanoexplorer"]
[Result "0-1"]
[WhiteElo "2677"]
[BlackElo "2496"]
[TimeControl "180+1"]
[EndTime "10:18:17 PDT"]
[Termination "volcanoexplorer won by checkmate"]

1. c4 e5 2. g3 Nc6 3. Nc3 Nf6 4. Bg2 g6 5. Nf3 Bg7 6. O-O O-O 7. d3 d6 8. Ne1 h6 9. Nc2 Be6 10. Nd5 Ne8 11. b4 Rb8 12. b5 Ne7 13. Rb1 f5 14. Be3 Bxd5 15. cxd5 Nf6 16. Nb4 Ra8 17. Qc2 Qd7 18. Rfc1 Rfc8 19. Qc4 g5 20. Rc2 f4 21.
Bd2 h5 22. Rbc1 Nf5 23. e3 fxe3 24. fxe3 g4 25. a4 h4 26. gxh4 Nxh4 27. Rf1 Ng6 28. Be1 e4 29. dxe4 Ne5 30. Qe2 Rf8 31. Bg3 Nh5 32.
Bf4 Ng6 33. Nd3 Rf7 34. Rfc1 Nhxf4 35. exf4 Bd4+ 36. Kh1 Bb6 37. f5 Ne5 38. Nxe5 dxe5 39. Qxg4+ Rg7 40. Qf3 Rf8 41. Bh3 Rf6 42. Rg2 Qf7 43.
Rcc2 Rxg2 44. Rxg2+ Kf8 45. Bg4 Rh6 46. Rg3 Qe7 47.
Rh3 Qc5 48. Rg3 Qc1+ 49. Kg2 Qg1# 0-1

[Event "*** Titled Tuesday Blitz"]
[Site "Chess.com"]
[Date "2020.04.21"]
[Round "2"]
[White "LogoCzar"]
[Black "GMMarcinDziuba"]
[Result "0-1"]
[WhiteElo "2449"]
[BlackElo "2682"]
[TimeControl "180+1"]
[EndTime "10:18:17 PDT"]
[Termination "GMMarcinDziuba won by checkmate"]

1. e4 c6 2. d4 d5 3. e5 Bf5 4. h4 h5 5. Bd3 Bxd3 6. Qxd3 Qa5+ 7. Nd2 e6 8. Nf3 Nh6 9. O-O Nf5 10. c4 Be7 11. g3 Nd7 12. cxd5 cxd5 13. Nb3 Qa4 14. Bg5 Rc8 15. Rfc1 O-O 16. Bxe7 Nxe7 17. Ng5 Nf5 18. Rc3 Rc4 19. Nf3 Rfc8 20. Rac1 Nb6 21. Nc5 Qxa2 22.
b3 Rxc3 23. Qxc3 Nd7 24. Ra1 Qe2 25. Rxa7 Nxc5 26. dxc5 d4 27. Nxd4 Qd1+ 28. Kg2 Nxd4 29. Rxb7 Nf5 30. c6 Qd5+ 31. Qf3 Qxf3+ 32. Kxf3 Rxc6 33.
b4 Rc3+ 34. Kf4 Rb3 35. b5 Kh7 36. Kg5 Rb4 37. f4 Nxg3 38. Rxf7 Rxb5 39. Re7 Rb6 40. Re8 Ne4+ 41. Kxh5 Nf2 42. Kg5 Rb3 43. Rxe6 Rg3+ 44.
Kf5 Nd3 45. Re8 Re3 46. Ke6 Nxf4+ 47. Kf7 Ng6 48. e6 Rf3# 0-1

[Event "*** Titled Tuesday Blitz"]
[Site "Chess.com"]
[Date "2020.04.21"]
[Round "2"]
[White "artichaud"]
[Black "Taron_Shagbazyan"]
[Result "0-1"]
[WhiteElo "2223"]
[BlackElo "2632"]
[TimeControl "180+1"]
[EndTime "10:18:17 PDT"]
[Termination "Taron_Shagbazyan won by resignation"]

1. e4 e5 2. Nf3 Nc6 3. d3 g6 4. Be2 Bg7 5. O-O Nge7 6. c3 O-O 7. Re1 d6 8. d4 exd4 9. cxd4 d5 10. e5 f6 11.
exf6 Bxf6 12. Nc3 Bg4 13. Be3 a6 14. h3 Be6 15. Bg5 Qd6 16. Bxf6 Rxf6 17. Rc1 Raf8 18. Na4 Bc8 19. Nc5 Rf4 20. Nd3 Re4 21. Nc5 Ref4 22.
Nd3 R4f7 23. Nde5 Nxe5 24. dxe5 Qb6 25. Qd4 Qxd4 26. Nxd4 c6 27. f3 Rf4 28. Red1 Nf5 29. Nxf5 R4xf5 30. Re1 Rxe5 31. Kf2 Rfe8 32. b4 Kf7 33.
Bf1 Rxe1 34. Rxe1 Rxe1 35. Kxe1 Kf6 36. Kd2 Ke5 37. a3 g5 38. g3 h6 39. Ke3 d4+ 40.
Kf2 b6 41. h4 a5 42. hxg5 hxg5 43. bxa5 bxa5 44. Bc4 c5 45. Ke2 Bb7 46. Kf2 Bc6 47. Ke2 Ba4 48. Kf2 Bd1 49. Kg2 a4 50. Kf2 Bb3 51.
Bb5 c4 52. Ke1 d3 0-1

[Event "*** Titled Tuesday Blitz"]
[Site "Chess.com"]
[Date "2020.04.21"]
[Round "2"]
[White "RestartingChess"]
[Black "Shuvatkin_Vladimir"]
[Result "1/2-1/2"]
[WhiteElo "2544"]
[BlackElo "2300"]
[TimeControl "180+1"]
[EndTime "10:18:17 PDT"]
[Termination "Game drawn by repetition"]

1. e4 e6 2. d4 d5 3. Nd2 dxe4 4. Nxe4 Bd7 5. Nf3 Bc6 6. Bd3 Nd7 7. c3 Ngf6 8. Ng3 Be7 9. O-O b6 10. Bf4 O-O 11.
Re1 Bb7 12. Ne5 c5 13. Bc4 Nd5 14. Bxd5 Bxd5 15. c4 Bb7 16. Nxd7 Qxd7 17. dxc5 Qxd1 18. Raxd1 Bxc5 19. Rd7 Ba6 20. b3 Rfd8 21. Red1 Rxd7 22. Rxd7 b5 23. Ne4 Bb6 24. c5 Rd8 25. Rxd8+ Bxd8 26. c6 Be7 27. Bd6 Kf8 28. Bb8 f5 29. Nd2 Bc5 30. Be5 g6 31. Nf3 Ke7 32. h4 Bc8 33. Kf1 a5 34.
Ke2 a4 35. Bg3 Bd6 36. Nd4 axb3 37. axb3 Bxg3 38. fxg3 Kd6 39. Nxb5+ Kxc6 40. Nc3 e5 41. Ke3 Kc5 42. b4+ Kxb4 43. Nd5+ Kc5 44. Ne7 Bb7 45. Kf2 Kd4 46. Ng8 e4 47. Nf6 e3+ 48. Ke2 Bxg2 49. Nxh7 Be4 50. Ng5 Bd3+ 51. Ke1 Ke5 52.
Nf3+ Ke4 53. Ng5+ Ke5 54. Nf3+ Ke4 55. Ng5+ Ke5 1/2-1/2

[Event "*** Titled Tuesday Blitz"]
[Site "Chess.com"]
[Date "2020.04.21"]
[Round "2"]
[White "IAgrest"]
[Black "Grandmaster2B"]
[Result "0-1"]
[WhiteElo "2276"]
[BlackElo "2535"]
[TimeControl "180+1"]
[EndTime "10:18:17 PDT"]
[Termination "Grandmaster2B won on time"]

1. e4 c5 2. Nf3 d6 3. d4 cxd4 4. Nxd4 Nf6 5. Nc3 a6 6. Bg5 e6 7.
f4 Be7 8. Qf3 Qc7 9. O-O-O Nbd7 10. Bd3 b5 11. Rhe1 Bb7 12. Kb1 Nc5 13. f5 e5 14.
Bxf6 Bxf6 15. Bxb5+ Kf8 16. Nb3 Nxb3 17. axb3 axb5 18.
Nxb5 Qa5 19. Na3 Be7 20. f6 Bxf6 21. Rf1 Qb4 22. Nc4 Rd8 23. Nxe5 Qxe4 24. Qxe4 Bxe4 25. Ng4 Be7 26. g3 h5 27. Ne3 h4 28. Nd5 hxg3 29.
hxg3 Bxd5 30. Rxd5 Rh3 31. g4 Rg3 32. g5 Rxg5 33. Rd3 g6 34. b4 Rb5 35. c3 f5 36.
Rg3 Kf7 37. Kc2 g5 38. Rh1 Kg6 39. Rgh3 g4 40. Rh6+ Kg5 41. R1h5+ Kf4 42. Re6 Bg5 43. Rg6 Be7 44. Re6 Rb7 45. Rh7 Rdd7 46. Rf7 g3 47. Rg6 Bg5 48. Rxd7 Rxd7 0-1

[Event "*** Titled Tuesday Blitz"]
[Site "Chess.com"]
[Date "2020.04.21"]
[Round "2"]
[White "FranciscodelaF"]
[Black "Morshynska"]
[Result "1-0"]
[WhiteElo "2412"]
[BlackElo "2124"]
[TimeControl "180+1"]
[EndTime "10:18:17 PDT"]
[Termination "FranciscodelaF won on time"]

1. d4 d5 2. c4 c6 3. Nf3 Nf6 4. Qb3 e6 5. Bg5 h6 6. Bh4 Be7 7. e3 Nbd7 8. Nc3 Ne4 9. Bxe7 Qxe7 10. Nxe4 dxe4 11. Nd2 f5 12. O-O-O Nf6 13. Kb1 O-O 14. Be2 Kh8 15. f3 e5 16. d5 exf3 17. Nxf3 Ne4 18.
Rhf1 Bd7 19. d6 Qf6 20. Qxb7 Rfd8 21. Ka1 Rab8 22. Qa6 Nc5 23. Qa5 e4 24. Nd4 Qxd6 25. Nxf5 Qe5 26. Nd4 Nd3 27. Qxe5 Nxe5 28. c5 Kg8 29. h3 Re8 30. b3 Re7 31. Nc2 Be6 32. Kb2 Bd5 33. Kc3 a5 34. Nd4 Nd7 35. Nf5 Rf7 36.
Bh5 Rf6 37. Ne7+ Kf8 38. Rxf6+ Nxf6 39. Ng6+ Kg8 40. Nf4 a4 41. Nxd5 cxd5 42. Be2 axb3 43. axb3 Ra8 44. b4 Kf7 45. Kd4 Ke6 46. Rb1 Kd7 47. b5 Kc7 48. Ke5 Ra3 49. b6+ Kb7 50. c6+ Kb8 51. c7+ Kb7 52. Bb5 1-0

[Event "*** Titled Tuesday Blitz"]
[Site "Chess.com"]
[Date "2020.04.21"]
[Round "2"]
[White "crywolf1986"]
[Black "calin_dragomirescu"]
[Result "1-0"]
[WhiteElo "2586"]
[BlackElo "2302"]
[TimeControl "180+1"]
[EndTime "10:18:18 PDT"]
[Termination "crywolf1986 won by resignation"]

1. d4 g6 2. Nf3 Bg7 3. c4 Nf6 4. g3 O-O 5. Bg2 d6 6. O-O Nbd7 7. Nc3 c6 8. e3 e5 9. b3 e4 10. Nd2 d5 11. a4 a5 12. Ba3 Re8 13. Rc1 h5 14. cxd5 cxd5 15. Nb5 Bf8 16. Bxf8 Rxf8 17. f3 exf3 18. Qxf3 Ng4 19. h3 Nh6 20. e4 dxe4 21.
Nxe4 Nb6 22. Nf6+ Kg7 23. d5 Bd7 24. Nc7 Rc8 25. d6 Nf5 26. Qc3 Kh6 27. Nxd7 Qxd7 28. Rxf5 gxf5 29. Qe3+ Kh7 30. Qxb6 Rg8 31. Qf2 Qxd6 32.
Qxf5+ Qg6 33. Be4 Kh6 34. Qxg6+ fxg6 35. Rc4 Rg7 36. Ne6 Rxc4 37. bxc4 Re7 38. Bd5 b6 39. h4 Kh7 40. Kf2 Kh6 41. Ke3 Rf7 42. Nf4 Re7+ 43.
Be6 Rc7 44. Ke4 g5 45. hxg5+ Kxg5 46. Ke5 Rc5+ 47. Ke4 h4 48. gxh4+ Kxh4 49. Bd5 Kg4 50. Ne6 Rc8 51. Ke5 Rh8 52. Bc6 Rh2 53. Bb5 Re2+ 54.
Kd6 Rd2+ 55. Kc6 Kf5 56. Nc7 Ke5 57. Nd5 Kd4 58. Kxb6 Rh2 59. Kxa5 Kc5 60. Nb4 Rh8 61. Na6+ Kd6 62. c5+ Kd5 63. c6 Kd6 64. Kb6 Rh2 65. Nc5 Rc2 66. Nb7+ Kd5 67. a5 Rb2 68. a6 1-0

[Event "*** Titled Tuesday Blitz"]
[Site "Chess.com"]
[Date "2020.04.21"]
[Round "2"]
[White "TastyFrenchFries"]
[Black "Bastiandash"]
[Result "1-0"]
[WhiteElo "2377"]
[BlackElo "1980"]
[TimeControl "180+1"]
[EndTime "10:18:18 PDT"]
[Termination "TastyFrenchFries won on time"]

1. e4 c5 2. Nf3 e6 3. c3 Nf6 4. d3 d5 5. Nbd2 b6 6. Qc2 Bb7 7. Be2 Nc6 8. O-O Qc7 9. Re1 Be7 10. a4 a6 11. h3 Rd8 12. Nf1 dxe4 13. dxe4 Ne5 14. Nxe5 Qxe5 15. f4 Qc7 16. Bf3 O-O 17. g4 Bd6 18. Qh2 c4 19. h4 Bc5+ 20. Kg2 Rd3 21.
g5 Rxf3 22. Kxf3 Nxe4 23. Ke2 Rd8 24. Ne3 Rd3 25. Nxc4 Qd8 26. b4 Ng3+ 27. Qxg3 Rxg3 28.
Ne5 Rg2+ 29. Kf1 Rg1+ 30. Ke2 Rxe1+ 31. Kxe1 Qd5 32. bxc5 bxc5 33. Be3 Qe4 34. Kd2 f6 35.
gxf6 gxf6 36. Rg1+ Kf8 37. Nd7+ Ke7 38. Nxc5 Qd5+ 39.
Nd3 Bc6 40. Bc5+ Kd7 41. Rg7+ Kc8 42. Bd4 Bxa4 43. Bxf6 Qa2+ 44. Ke3 Qb1 45. Be5 Bb5 46. c4 1-0

[Event "*** Titled Tuesday Blitz"]
[Site "Chess.com"]
[Date "2020.04.21"]
[Round "2"]
[White "rasmussvane"]
[Black "Muracle"]
[Result "0-1"]
[WhiteElo "2866"]
[BlackElo "2611"]
[TimeControl "180+1"]
[EndTime "10:18:19 PDT"]
[Termination "Muracle won by resignation"]

1. Nf3 g6 2. g3 Bg7 3. d4 c5 4. c3 h5 5. Bg2 cxd4 6. cxd4 d5 7. Nc3 Nc6 8. Bf4 a6 9. Rc1 Nh6 10. Ne5 Be6 11. Nxc6 bxc6 12. h4 Nf5 13. e3 Rc8 14. O-O f6 15. Na4 Bf7 16. Nc5 e5 17. dxe5 fxe5 18. Bg5 Qa5 19. e4 Nd4 20. exd5 cxd5 21.
Qxd4 exd4 22. Rfe1+ Qxe1+ 23. Rxe1+ Kf8 24. b4 d3 25. Nxd3 Bd4 26. Re7 Rc3 27. Nf4 Rxg3 28. Kh2 Rxg5 29. Rxf7+ Kxf7 30. hxg5 Be5 31. Kg3 Bxf4+ 32.
Kxf4 Ke6 33. Ke3 h4 34. Bh3+ Kd6 35. f4 Re8+ 36. Kf3 d4 37. Bf1 Re1 38. Bxa6 Re3+ 39. Kg2 d3 40. Bb5 d2 41. Ba4 Re1 42. Kh3 Rh1+ 43.
Kg4 h3 44. Kg3 h2 45. Kg2 d1=Q 46. Bxd1 Rxd1 47. Kxh2 Rd2+ 48. Kg3 Rxa2 49. b5 Rb2 50. f5 Rxb5 0-1

[Event "*** Titled Tuesday Blitz"]
[Site "Chess.com"]
[Date "2020.04.21"]
[Round "2"]
[White "AleksanderHnydiuk"]
[Black "pheonixking2000"]
[Result "0-1"]
[WhiteElo "2559"]
[BlackElo "2810"]
[TimeControl "180+1"]
[EndTime "10:18:19 PDT"]
[Termination "pheonixking2000 won by resignation"]

1. Nf3 Nf6 2. c4 e6 3. g3 b6 4. Bg2 Bb7 5. O-O Be7 6. Nc3 O-O 7. Re1 d5 8. cxd5 exd5 9. d4 Na6 10. Bf4 c5 11.
Rc1 Re8 12. dxc5 bxc5 13. Qb3 Qb6 14. Qxb6 axb6 15. Ne5 Bd6 16. Nc4 Bxf4 17. gxf4 Rab8 18. Nd6 Red8 19. Nxb7 Rxb7 20. Red1 Rbd7 21. Bh3 Re7 22. e3 g6 23. Bg2 Nc7 24. Na4 Rb8 25. a3 Kf8 26. b4 c4 27. Nc3 Rd7 28. Rd2 Ke7 29.
Rcd1 Rbd8 30. a4 Na6 31. Nxd5+ Nxd5 32. Rxd5 Rxd5 33. Rxd5 Rxd5 34. Bxd5 c3 35. Bb3 Nxb4 36. Kf1 c2 37. Bxc2 Nxc2 38. Ke2 Kd6 39. Kd3 Ne1+ 40.
Ke2 Nc2 41. Kd3 Nb4+ 42. Kc4 Nc6 43. Kb5 Kc7 44. Kc4 Ne7 45. Kd4 f6 46. Kc4 Kc6 47. Kd4 Nd5 48. Kc4 Kd6 49. Kd4 f5 50. Kc4 Nf6 51. Kb5 Kc7 52. Kc4 Ne4 53. Kd4 Nxf2 54.
Ke5 Ng4+ 0-1

[Event "*** Titled Tuesday Blitz"]
[Site "Chess.com"]
[Date "2020.04.21"]
[Round "2"]
[White "DishonorOnYourCow"]
[Black "aNaartjieZA"]
[Result "0-1"]
[WhiteElo "2300"]
[BlackElo "2583"]
[TimeControl "180+1"]
[EndTime "10:18:19 PDT"]
[Termination "aNaartjieZA won on time"]

1. d4 Nf6 2. c4 c5 3. d5 e5 4.
Nc3 d6 5. e4 Be7 6. Nf3 Nbd7 7.
g3 Nf8 8. Bg2 Ng6 9. O-O h5 10.
Bg5 Nh7 11. Be3 h4 12. Qd2 Nf6 13. Bg5 hxg3 14. fxg3 Bh3 15. Nh4 Bxg2 16. Qxg2 Nxh4 17. Bxh4 Qd7 18. Rab1 Qg4 19. Nb5 Kd7 20. h3 Qg6 21. b4 cxb4 22. Rxb4 b6 23. Nc3 Nh5 24. Bxe7 Kxe7 25. Rf3 Nf6 26. a4 Rab8 27. Re3 Qh6 28. Rf3 Qxh3 29. Qxh3 Rxh3 30. Kg2 Rbh8 31. Rf1 Rh2+ 32.
Kf3 Rc2 33. Nb5 a5 34. Rb3 Rxc4 35. Na7 Nxe4 36. Nc6+ Kd7 37. Rxb6 Nd2+ 38. Ke2 Kc7 39. Ra6 Nxf1 40. Ra7+ Kb6 41. Kxf1 Kc5 42. Rxa5+ Kb6 43. Rb5+ Ka6 44. Nb4+ Ka7 45. Nc6+ Ka6 0-1

[Event "*** Titled Tuesday Blitz"]
[Site "Chess.com"]
[Date "2020.04.21"]
[Round "2"]
[White "dpruess"]
[Black "chessfrendz"]
[Result "1-0"]
[WhiteElo "2457"]
[BlackElo "2200"]
[TimeControl "180+1"]
[EndTime "10:18:19 PDT"]
[Termination "dpruess won by checkmate"]

1. e4 c5 2. Nf3 d6 3. d4 cxd4 4. Nxd4 Nf6 5. Nc3 a6 6. Bg5 e6 7. f4 Be7 8. Qf3 Nbd7 9. O-O-O Qc7 10. g4 b5 11. Bxf6 gxf6 12. f5 Ne5 13. Qh3 Bd7 14.
fxe6 fxe6 15. Qh5+ Ng6 16. g5 Qc5 17. Bh3 Qxg5+ 18.
Qxg5 fxg5 19. Nxe6 Rc8 20. Nd5 Bxe6 21. Bxe6 Rc5 22. c3 Nf4 23. Nxf4 gxf4 24. Rhg1 Re5 25. Bf5 Kf7 26. Rdf1 Rg8 27. Rxg8 Kxg8 28. Kc2 Bg5 29.
Rg1 h6 30. h4 d5 31. hxg5 hxg5 32. Rxg5+ Kf8 33. Rg4 dxe4 34. Rxf4 Kg7 35. Bxe4 Rg5 36. Kd3 Rg1 37. b4 Ra1 38. Rf2 Rd1+ 39. Kc2 Rd6 40. Kb3 Kh6 41. Rf5 Kg7 42. Rc5 Kf6 43. Rc6 Rxc6 44. Bxc6 Ke7 45. Bb7 Kd6 46. Bxa6 Kc7 47. a4 Kb6 48. Bxb5 Kb7 49. c4 Kb6 50. c5+ Kb7 51. Bf1 Kc7 52. Kc4 Kb7 53. Bd3 Ka7 54. Bb1 Kb7 55. b5 Ka7 56. a5 Kb7 57. Kd5 Ka7 58. Kd6 Kb8 59. Kd7 Kb7 60. c6+ Kb8 61. c7+ Ka7 62. Bd3 Kb7 63. b6 Ka8 64. Be4# 1-0

[Event "*** Titled Tuesday Blitz"]
[Site "Chess.com"]
[Date "2020.04.21"]
[Round "2"]
[White "littleozy"]
[Black "AlanZhang"]
[Result "0-1"]
[WhiteElo "2410"]
[BlackElo "2178"]
[TimeControl "180+1"]
[EndTime "10:18:19 PDT"]
[Termination "AlanZhang won by resignation"]

1. d4 Nf6 2. Nc3 d5 3. Bg5 e6 4.
e4 dxe4 5. Nxe4 Be7 6. Bxf6 Bxf6 7. Nf3 O-O 8. Bd3 Nc6 9. c3 b6 10. Qe2 Bb7 11. h4 e5 12. d5 Qxd5 13. Nxf6+ gxf6 14. O-O-O Qe6 15. Nd2 Ne7 16. Qh5 Ng6 17. Bc4 Bd5 18. Bxd5 Qxd5 19. c4 Qe6 20. Ne4 Kg7 21. b3 h6 22. Qf3 f5 23. Nc3 Rad8 24. h5 Ne7 25. Qb7 Qc6 26. Qxc6 Nxc6 27. Nd5 Rd7 28. Rd3 Rfd8 29.
Rg3+ Kf8 30. Nf6 Rd6 31. Rg8+ Ke7 32. Rxd8 Nxd8 33. Nd5+ Kd7 34. Re1 c6 35. Ne3 f4 36.
Nf5 Re6 37. Ng7 Re7 38. Nf5 Re6 39. Ng7 Re7 40. Nf5 Re8 41. Ng7 Rg8 42. Nf5 Ke6 43. Rxe5+ Kxe5 44. Nxh6 Rxg2 0-1